Workbook
Name Balance_Sheet: Sheet1!$E$1:$H$40
Name Income_Statement: Sheet1!$A$1:$C$40
Name Ins_Prem: Sheet1!$A$42:$C$58

Sheet Sheet1
A1: Heather's Foster Dogs
A2: 2022
A3: Income Statement Summary | C3: Jan | D3: Feb | E3: Mar | F3: Apr | G3: May | H3: Jun | I3: Jul | J3: Aug | K3: Sep | L3: Oct | M3: Nov | N3: Dec
B4: Total 2022
A5: Income | B5: Amount | C5: Amount | D5: Amount | E5: Amount | F5: Amount | G5: Amount | H5: Amount | I5: Amount | J5: Amount | K5: Amount | L5: Amount | M5: Amount | N5: Amount
A6: Gifts/Grants/Donations/Contributions | B6: =SUM(C6:N6) -> 16618.05 | C6: 4104.97 | D6: 700 | E6: 1617.4 | F6: 1105 | G6: 1438.84 | H6: 326.62 | I6: 408 | J6: 941.41 | K6: 1452.6 | L6: 400 | M6: 1635.52 | N6: 2487.69
A7: Membership fees | B7: =SUM(C7:N7) -> 0 | C7: 0 | D7: 0 | E7: 0 | F7: 0 | G7: 0 | H7: 0 | I7: 0 | J7: 0 | K7: 0 | L7: 0 | M7: 0 | N7: 0
A8: Adoption Donations | B8: =SUM(C8:N8) -> 14064.02 | C8: 1530 | D8: 1895 | E8: 1500 | F8: 1440 | G8: 295 | H8: 3135 | I8: 760 | J8: 590 | K8: 150 | L8: 1609.02 | M8: 550 | N8: 610
A9: Sales Income (sale of goods/services) | B9: =SUM(C9:N9) -> 0 | C9: 0 | D9: 0 | E9: 0 | F9: 0 | G9: 0 | H9: 0 | I9: 0 | J9: 0 | K9: 0 | L9: 0 | M9: 0 | N9: 0
A10: Other Fundraising Income | B10: =SUM(C10:N10) -> 0 | C10: 0 | D10: 0 | E10: 0 | F10: 0 | G10: 0 | H10: 0 | I10: 0 | J10: 0 | K10: 0 | L10: 0 | M10: 0 | N10: 0
A11: In Kind Donations | B11: =SUM(C11:N11) -> 0 | C11: 0 | D11: 0 | E11: 0 | F11: 0 | G11: 0 | H11: 0 | I11: 0 | J11: 0 | K11: 0 | L11: 0 | M11: 0 | N11: 0
A12: Total Revenue | B12: =SUM(C12:N12) -> 30682.07 | C12: =SUM(C6:C11) -> 5634.97 | D12: =SUM(D6:D11) -> 2595 | E12: =SUM(E6:E11) -> 3117.4 | F12: =SUM(F6:F11) -> 2545 | G12: =SUM(G6:G11) -> 1733.84 | H12: =SUM(H6:H11) -> 3461.62 | I12: =SUM(I6:I11) -> 1168 | J12: =SUM(J6:J11) -> 1531.41 | ... N12: =SUM(N6:N11) -> 3097.69
A14: Expenses
A15: Fundraising expenses | B15: =SUM(C15:N15) -> 0 | C15: 0 | D15: 0 | E15: 0 | F15: 0 | G15: 0 | H15: 0 | I15: 0 | J15: 0 | K15: 0 | L15: 0 | M15: 0 | N15: 0
A16: Grants, Donations, Gifts to Others | B16: =SUM(C16:N16) -> 0 | C16: 0 | D16: 0 | E16: 0 | F16: 0 | G16: 0 | H16: 0 | I16: 0 | J16: 0 | K16: 0 | L16: 0 | M16: 0 | N16: 0
A17: Veterinary Expenses | B17: =SUM(C17:N17) -> 30941.72 | C17: 3656.9 | D17: 2466.49 | E17: 3160.59 | F17: 3082.47 | G17: 1367.35 | H17: 2164.52 | I17: 2928.89 | J17: 2632.9 | K17: 3684.78 | L17: 728.08 | M17: 4154.33 | N17: 914.42
A18: Legal Fees | B18: =SUM(C18:N18) -> 0 | C18: 0 | D18: 0 | E18: 0 | F18: 0 | G18: 0 | H18: 0 | I18: 0 | J18: 0 | K18: 0 | L18: 0 | M18: 0 | N18: 0
A19: Microchip Expense | B19: =SUM(C19:N19) -> 0 | C19: 0 | D19: 0 | E19: 0 | F19: 0 | G19: 0 | H19: 0 | I19: 0 | J19: 0 | K19: 0 | L19: 0 | M19: 0 | N19: 0
A20: Regulatory | B20: =SUM(C20:N20) -> 117.25 | C20: 0 | D20: 15 | E20: 0 | F20: 0 | G20: 102.25 | H20: 0 | I20: 0 | J20: 0 | K20: 0 | L20: 0 | M20: 0 | N20: 0
A21: Medical Supplies | B21: =SUM(C21:N21) -> 1660.52 | C21: 488.51 | D21: 0 | E21: 103.1 | F21: -25 | G21: 773.42 | H21: 0 | I21: 0 | J21: 0 | K21: 93.91 | L21: 53.62 | M21: 58.69 | N21: 114.27
A22: Other Pet Supplies & Services | B22: =SUM(C22:N22) -> 0 | C22: 0 | D22: 0 | E22: 0 | F22: 0 | G22: 0 | H22: 0 | I22: 0 | J22: 0 | K22: 0 | L22: 0 | M22: 0 | N22: 0
A23: Office Supplies | B23: =SUM(C23:N23) -> 0 | C23: 0 | D23: 0 | E23: 0 | F23: 0 | G23: 0 | H23: 0 | I23: 0 | J23: 0 | K23: 0 | L23: 0 | M23: 0 | N23: 0
A24: Postage & Delivery | B24: =SUM(C24:N24) -> 0 | C24: 0 | D24: 0 | E24: 0 | F24: 0 | G24: 0 | H24: 0 | I24: 0 | J24: 0 | K24: 0 | L24: 0 | M24: 0 | N24: 0
A25: Insurance | B25: =SUM(C25:N25) -> 1583 | C25: 0 | D25: 0 | E25: 0 | F25: 0 | G25: 0 | H25: 1583 | I25: 0 | J25: 0 | K25: 0 | L25: 0 | M25: 0 | N25: 0
A26: Donations Distributed to Fosters | B26: =SUM(C26:N26) -> 45 | C26: 0 | D26: 0 | E26: 0 | F26: 0 | G26: 0 | H26: 0 | I26: 45 | J26: 0 | K26: 0 | L26: 0 | M26: 0 | N26: 0
A27: Bank Charges | B27: =SUM(C27:N27) -> 0 | C27: 0 | D27: 0 | E27: 0 | F27: 0 | G27: 0 | H27: 0 | I27: 0 | J27: 0 | K27: 0 | L27: 0 | M27: 0 | N27: 0
A29: Total Expense | B29: =SUM(C29:N29) -> 34347.49 | C29: =SUM(C15:C27) -> 4145.41 | D29: =SUM(D15:D27) -> 2481.49 | E29: =SUM(E15:E27) -> 3263.69 | F29: =SUM(F15:F27) -> 3057.47 | G29: =SUM(G15:G27) -> 2243.02 | H29: =SUM(H15:H27) -> 3747.52 | I29: =SUM(I15:I27) -> 2973.89 | J29: =SUM(J15:J27) -> 2632.9 | ... N29: =SUM(N15:N27) -> 1028.69
A31: NET INCOME | B31: =SUM(C31:N31) -> -3665.42 | C31: =C12-C29 -> 1489.56 | D31: =D12-D29 -> 113.51 | E31: =E12-E29 -> -146.29 | F31: =F12-F29 -> -512.47 | G31: =G12-G29 -> -509.18 | H31: =H12-H29 -> -285.9 | I31: =I12-I29 -> -1805.89 | J31: =J12-J29 -> -1101.49 | ... N31: =N12-N29 -> 2069
A33: NET INCOME, CONTROL | B33: =B12-B29 -> -3665.42 | C33: 1489.56 | D33: 113.51 | E33: -146.29 | F33: -512.47 | G33: -509.18 | H33: -285.9 | I33: -1805.89 | J33: -1101.49 | K33: -2176.09 | L33: 1227.32 | M33: -2027.5 | N33: P
A34: S/B = 0 | B34: =B33-B31 -> 0 | C34: =C33-C31 -> 0 | D34: =D33-D31 -> 0 | E34: =E33-E31 -> 0 | F34: =F33-F31 -> 0 | G34: =G33-G31 -> 0 | H34: =H33-H31 -> 0 | I34: =I33-I31 -> 0 | ... N34: =N33-N31 -> #VALUE!
A36: fundraising expense | B36: =B15 -> 0 | C36: =B36/$B$39 -> 0
A37: program expense | B37: =B29-B38-B36 -> 32647.24 | C37: =B37/$B$39 -> 0.95049857
A38: administrative expense | B38: =B27+B25+B24+B23+B20+B18 -> 1700.25 | C38: =B38/$B$39 -> 0.049501434
A39: total | B39: =B37+B38 -> 34347.49

Sheet Sheet2
A1: Heathers Foster Dogs NFP
A2: 2022 Expenses
A4: Veterinary Expenses | B4: =C4/$C$11 -> 0.9008437 | C4: =Sheet1!B17 -> 30941.72
A5: Regulatory | B5: =C5/$C$11 -> 0.003413641 | C5: =Sheet1!B20 -> 117.25
A6: Medical Supplies | B6: =C6/$C$11 -> 0.048344726 | C6: =Sheet1!B21 -> 1660.52
A7: Insurance | B7: =C7/$C$11 -> 0.046087793 | C7: =B21 -> 1583
A8: Donated Supplies Distributed to Fosters | B8: =C8/$C$11 -> 0.0013101394 | C8: =B22 -> 45
A11: Total Expense | B11: =SUM(B4:B8) -> 1 | C11: =SUM(C4:C8) -> 34347.49
A18: Veterinary Expenses | B18: =Sheet1!B17 -> 30941.72
A19: Regulatory | B19: =Sheet1!B20 -> 117.25
A20: Medical Supplies | B20: =Sheet1!B21 -> 1660.52
A21: Insurance | B21: =Sheet1!B25 -> 1583
A22: Donated Supplies Distributed to Fosters | B22: =Sheet1!B26 -> 45
A24: Total Expense | B24: =SUM(B18:B22) -> 34347.49

Sheet Sheet3
